AoeStats
← waLLefps.

Arena

509148778Analyzed
4v4 RM · 5d ago on Sep 25, 2026· 28m 45s· 8 players
Game mode
Random Map
Map size
Large (8 player)
Population
200
Speed
Normal
Resources
Standard
Victory
Conquest
Starting age
Dark Age
Ending age
Imperial Age
RankedLock teamsTeams togetherTeam positionsShared explorationLock speedFull tech treeHidden civsTurbo modeCheats
Victory
Defeat
🇺🇸 Burgundians · United States
1478
+16
🇨🇳 Mongols · China
1447
+17
🇹🇷 Berbers · Türkiye
1440
+18
🇹🇷 Khmer · Türkiye
1431
+18
🇦🇷 Poles · Argentina
1544
-20
🇦🇷 Persians · Argentina
1510
-19
🇦🇷 Saxons · Argentina
1431
-15
🇲🇽 Aztecs · Mexico
1415
-15
ty
8:38 Feudal Age
13:04 Castle Age
11:31 Double-Bit Axe
11:54 Horse Collar
20:19 Bow Saw
22:39 Wheelbarrow
22:44 Loom
23:49 Heavy Plow
23:42 Gold Mining
24:38 Scale Barding Armor
26:35 Gold Shaft Mining
27:05 Hand Cart
27:01 Bloodlines
26:52 Husbandry
29:45 Imperial Age
28:11 Chain Barding Armor
28:02 Forging
Vedette87
3:36 Double-Bit Axe
10:00 Feudal Age
9:13 Loom
12:28 Bow Saw
12:10 Stone Mining
12:53 Horse Collar
14:38 Wheelbarrow
15:41 Town Watch
22:37 Hand Cart
24:18 Fletching
25:20 Scale Mail Armor
26:40 Padded Archer Armor
Yokolucu
10:49 Feudal Age
13:38 Castle Age
11:58 Double-Bit Axe
12:02 Horse Collar
14:29 Bow Saw
14:22 Heavy Plow
18:08 Wheelbarrow
26:06 Imperial Age
23:54 Gold Mining
24:00 Stone Mining
24:33 Devotion
24:47 Bloodlines
24:30 Light Cavalry
25:13 Husbandry
25:58 Forging
27:51 Iron Casting
29:06 Scale Barding Armor
waLLefps.
11:04 Feudal Age
14:50 Castle Age
12:43 Double-Bit Axe
14:32 Horse Collar
15:53 Bow Saw
16:14 Heavy Plow
19:50 Loom
20:01 Fletching
21:54 Wheelbarrow
23:12 Bodkin Arrow
27:15 Padded Archer Armor
27:56 Husbandry
[GDL] Ly0neZ
10:33 Feudal Age
14:42 Castle Age
13:32 Double-Bit Axe
13:30 Horse Collar
13:46 Gold Mining
16:10 Bow Saw
18:26 Wheelbarrow
20:25 Sanctity
20:18 Loom
21:21 Redemption
26:19 Eagle Warrior
DL | Lich
5:30 Loom
8:07 Feudal Age
6:23 Loom
8:38 Double-Bit Axe
8:37 Horse Collar
9:41 Town Watch
13:29 Wheelbarrow
20:15 Castle Age
20:01 Scale Barding Armor
20:20 Light Cavalry
21:15 Bow Saw
24:52 Heavy Plow
DL | Anubis_Killa
4:42 Loom
11:08 Feudal Age
15:51 Castle Age
14:19 Double-Bit Axe
22:57 Wheelbarrow
23:20 Town Watch
24:15 Bow Saw
24:28 Horse Collar
26:14 Hand Cart
26:27 Gold Mining
Francisco Pizarron
11:08 Feudal Age
11:55 Double-Bit Axe
12:12 Horse Collar
14:46 Castle Age
14:25 Loom
15:25 Bow Saw
15:47 Heavy Plow
21:17 Wheelbarrow
22:39 Hand Cart
25:17 Scale Mail Armor
25:27 Forging
28:05 Imperial Age
25:12 Pikeman
26:52 Chain Mail Armor
27:04 Squires
28:30 Iron Casting
27:54 Halberdier
Connection lost

Rejoining the realm…

Still unreachable

The connection could not be restored.

Session expired

The server has moved on; the page needs a fresh start.